 Dungeon Crawl Stone Soup version 0.30-a0-757-ga6a79fd877 (webtiles) character file.

Game seed: 14891382741113823265

683 pokeman the Magician (level 7, -5/38 HPs)
             Began as a Deep Elf Hedge Wizard on Feb 9, 2023.
             Slain by an ogre
             ... wielding a +0 giant spiked club
              (23 damage)
             ... on level 5 of the Dungeon.
             The game lasted 00:11:45 (4741 turns).

pokeman the Magician (Deep Elf Hedge Wizard)        Turns: 4741, Time: 00:11:46

Health: -5/38      AC:  4    Str: 13    XL:     7   Next: 35%
Magic:  1/19       EV: 13    Int: 21    God:
Gold:   254        SH:  0    Dex: 14    Spells: 12/20 levels left

rFire   . . .      SeeInvis +    m - +1 short sword (drain)
rCold   . . .      Faith    .    (no shield)
rNeg    . . .      Spirit   .    b - +0 robe
rPois   .          Reflect  .    x - +0 helmet
rElec   .          Harm     .    t - +0 cloak
rCorr   .          Rampage  .    (no gloves)
Will    .....                    (no boots)
Stlth   ++                       B - amulet of the acrobat
HPRegen 0.26/turn                k - ring of see invisible
MPRegen 0.16/turn                c - +6 ring of strength

@: no status effects
A: no striking features
a: no special abilities


You were on level 5 of the Dungeon.
You visited 1 branch of the dungeon, and saw 5 of its levels.

You collected 254 gold pieces.

Inventory:

Hand Weapons
 m - a +1 short sword of draining (weapon)
 w - a +1 sling of freezing
Armour
 b - a +0 robe (worn)
 g - a +2 buckler of poison resistance
 t - a +0 cloak (worn)
 x - a +0 helmet (worn)
Magical Staves
 i - a staff of cold
Jewellery
 c - a +6 ring of strength (right hand)
 k - a ring of see invisible (left hand)
 B - an amulet of the acrobat (around neck)
Wands
 r - a wand of light (2)
Scrolls
 a - a scroll of enchant weapon {unknown}
 e - a scroll of amnesia {unknown}
 h - 3 scrolls of fog {unknown}
 l - a scroll of magic mapping {unknown}
 o - 3 scrolls of identify {unknown}
 p - a scroll of poison {unknown}
 s - a scroll of immolation {unknown}
 v - 2 scrolls of fear {unknown}
 y - a scroll of vulnerability {unknown}
 C - a scroll of teleportation {unknown}
Potions
 d - a potion of magic
 f - 2 potions of berserk rage {unknown}
 j - 3 potions of attraction {unknown}
 n - a potion of might {unknown}
 q - 2 potions of flight {unknown}
 u - a potion of degeneration {unknown}
 z - a potion of mutation {unknown}
 A - a potion of cancellation {unknown}
 D - a potion of curing {unknown}


   Skills:
 - Level 1.0 Fighting
 - Level 1.0 Armour
 - Level 3.0 Dodging
 - Level 3.0 Stealth
 - Level 1.0 Shields
 * Level 7.2 Spellcasting
 + Level 5.7 Conjurations
 - Level 1.1 Summonings
 - Level 1.1 Translocations
 - Level 1.0 Ice Magic
 + Level 1.2 Air Magic
 + Level 1.3 Evocations


You had 12 spell levels left.
You knew the following spells:

 Your Spells              Type           Power      Damage    Failure   Level
a - Magic Dart            Conj           100%       1d8       1%          1
b - Mephitic Cloud        Conj/Pois/Air  17%        N/A       10%         3
c - Call Imp              Summ           12%        N/A       9%          2
d - Blink                 Tloc           24%        N/A       9%          2

Your spell library contained the following spells:

 Spells                   Type           Power      Damage    Failure   Level
 Slow                     Hex            28%        N/A       9%          1
 Cigotuvi's Dreadful Rot  Necr/Pois/Air  18%        N/A       11%         2
 Portal Projectile        Hex/Tloc       18%        N/A       21%         3
 Tukima's Dance           Hex            7%         N/A       26%         3
 Blade Hands              Tmut           3%         N/A       94%         5


Dungeon Overview and Level Annotations

Branches:
Dungeon (5/15)
 Temple: D:4-7

Altars:


Message History

The black bear claws you. The black bear barely misses you.
You catch the helpless black bear completely off-guard!
You puncture the black bear!
You kill the black bear!
Your Spellcasting skill increases to level 7!
Your Air Magic skill increases to level 1!
Your Evocations skill increases to level 1!
Casting: Magic Dart (safe; 1% risk of failure)
Confirm with . or Enter, or press ? or * to list all spells.
Aiming: Magic Dart (safe; 1% risk of failure)
Press: ? - help, Shift-Dir - straight line, f/p - orc
Aim: an orc, wielding a +0 heavy hand axe and wearing a +0 leather armour (confused, 100% to hit)
The magic dart hits the orc.
The orc is almost dead.
The ogre seems less confused.
Casting: Magic Dart (safe; 1% risk of failure)
Confirm with . or Enter, or press ? or * to list all spells.
You don't have enough magic to cast this spell.
Unknown command.
Casting: Magic Dart (safe; 1% risk of failure)
Confirm with . or Enter, or press ? or * to list all spells.
You don't have enough magic to cast this spell.
Unknown command.
The orc misses you.
You see here a black bear corpse.
You hit the orc but do no damage.
The orc is almost dead.
The adder bites the ogre.
The ogre is poisoned.
The adder poisons the ogre!
The orc hits you but does no damage. x2
You hit the orc.
You kill the orc!
The orc hits you with a staff of conjuration.
You hit the orc.
The orc is moderately wounded.
The orc hits you but does no damage.
You hit the ogre.
The ogre is severely wounded.
The ogre hits you with a +0 giant spiked club!!
Ouch! That really hurt!
You die...

##################
#......@O.......<.
#.######o....S.###
#.......#
#....)†.#
#..!....#
#.....<.+
#.......#
##+#.#### #.


You could see an ogre (poisoned, drained), an adder (confused) and an orc.

Vanquished Creatures
  Sigmund (D:2)
  A black bear (D:5)
  A necrophage (D:4)
  2 orc priests
  Ijyb (D:3)
  3 orc wizards
  Robin (D:3)
  5 adders
  2 worms (D:2)
  2 dart slugs
  19 orcs
  7 ball pythons
  9 endoplasms
  4 giant cockroaches
  11 goblins
  9 hobgoblins
  5 jackals
  7 quokkas
  4 bats
  4 frilled lizards
  8 kobolds
  4 rats
110 creatures vanquished.

Vanquished Creatures (collateral kills)
  An adder (D:3)
  3 orcs
4 creatures vanquished.

Vanquished Creatures (others)
  A goblin (D:3)
  5 fungi (D:2)
  3 plants (D:2)
9 creatures vanquished.

Grand Total: 123 creatures vanquished

Notes
Turn   | Place    | Note
-------+----------+-------------------------------------------
     0 | D:1      | pokeman the Deep Elf Hedge Wizard began the quest for the
                  | Orb.
     0 | D:1      | Reached XP level 1. HP: 10/10 MP: 7/7
   217 | D:1      | Reached XP level 2. HP: 15/15 MP: 6/9
   594 | D:1      | Reached skill level 5 in Spellcasting
  1408 | D:2      | Found a faded altar of an unknown god.
  1425 | D:2      | Reached XP level 3. HP: 19/20 MP: 11/11
  1429 | D:2      | Learned a level 3 spell: Mephitic Cloud
  1432 | D:2      | Learned a level 2 spell: Call Imp
  1435 | D:2      | Learned a level 2 spell: Blink
  1589 | D:2      | Reached skill level 1 in Fighting
  1843 | D:2      | Reached skill level 1 in Armour
  2208 | D:2      | Noticed Sigmund
  2217 | D:2      | Killed Sigmund
  2218 | D:2      | Reached XP level 4. HP: 17/25 MP: 10/13
  2218 | D:2      | Reached XP level 5. HP: 20/29 MP: 10/14
  2541 | D:2      | Reached skill level 5 in Conjurations
  2723 | D:2      | Reached XP level 6. HP: 15/34 MP: 4/16
  3023 | D:3      | Noticed Ijyb
  3038 | D:3      | Killed Ijyb
  3052 | D:3      | Reached skill level 6 in Spellcasting
  3222 | D:3      | Noticed Robin
  3245 | D:3      | Killed Robin
  3246 | D:3      | Reached skill level 1 in Shields
  4008 | D:3      | Reached skill level 1 in Ice Magic
  4411 | D:4      | Reached XP level 7. HP: 14/38 MP: 10/18
  4708 | D:5      | Entered Level 5 of the Dungeon
  4736 | D:5      | Reached skill level 7 in Spellcasting
  4736 | D:5      | Reached skill level 1 in Air Magic
  4736 | D:5      | Reached skill level 1 in Evocations
  4741 | D:5      | Slain by an ogre

Illustrated notes

Levels and vault maps discovered:
D:1:      erik_arrival_blinker_ship, layout_basic
D:2:      minmay_door_path, layout_basic, dreamdust_ecumenical_altar_grove,
          uniq_sigmund
D:3:      layout_loops_ring, uniq_robin, uniq_ijyb
D:4:      layout_cave_pools
D:5:      layout_basic, lemuel_round_altar,
          nicolae_hepliaklqana_monster_ancestors

Skill      XL: |  1  2  3  4  5  6  7 |
---------------+----------------------+-----
Spellcasting   | 5 6 7 |  7.2
Fighting       | 1 |  1.0
Armour         | 1 |  1.0
Conjurations   | 4 5 |  5.7
Dodging        | 3 |  3.0
Shields        | 1 |  1.0
Stealth        | 3 |  3.0
Ice Magic      | 1 |  1.0
Air Magic      | 1 |  1.2
Evocations     | 1 |  1.3
Summonings     | |  1.1
Translocations | |  1.1

Action                     |  1- 3 |  4- 6 |  7- 9 || total
---------------------------+-------+-------+-------++-------
  Melee: Dagger            |    24 |       |       ||    24
         Punch             |     1 |     1 |       ||     2
         Short sword       |     8 |   112 |    18 ||   138
   Cast: Magic Dart        |   115 |    74 |    11 ||   200
         Mephitic Cloud    |     1 |    12 |     5 ||    18
         Call Imp          |       |     4 |       ||     4
         Blink             |       |     2 |     1 ||     3
   Stab: Sleeping          |     1 |       |       ||     1
         Confused          |     1 |    11 |     3 ||    15
 Armour: Robe              |     8 |    31 |    10 ||    49
  Dodge: Dodged            |    25 |    89 |    19 ||   133

Table legend: (Time is in decaauts)
 A = Elapsed time spent in this place.
 B = Non-inter-level travel time spent in this place.
 C = Inter-level travel time spent in this place.
 D = Time resting spent in this place.
 E = Time spent auto-exploring this place.
 F = Levels seen in this place.
 G = Mean time per level.
                   A        B        C        D        E       F      G
               +--------+--------+--------+--------+--------+-----+--------+
         Total |   4737 |   4666 |     71 |    425 |   3517 |   5 |  947.4 |
       Dungeon |   4737 |   4666 |     71 |    425 |   3517 |   5 |  947.4 |
               +--------+--------+--------+--------+--------+-----+--------+

Top non-repeatable levels by time:
     D:2: 1494 daAuts
     D:1: 1391 daAuts
     D:3: 1134 daAuts
     D:4: 683 daAuts
     D:5: 32 daAuts
